NULL
Full Scoreboard »»

Maple Leafs vs Canadiens

Created - November 5, 2023 at 21:07

Goals
1 2 3 T
Maple Leafs 2 1 0 3
Canadiens 0 0 1 1
Shots
1 2 3 T
Maple Leafs 9 6 3 18
Canadiens 9 7 12 28

GoalsPenalties
1st period
1. Maple Leafs , William Nylander 1 (Nick Suzuki 1, Jonathan Marchessault 1) at 2:38
2. Maple Leafs , Jonathan Marchessault 1 (William Nylander 1, Nick Suzuki 2) at 12:45
Gabriel Landeskog (MTL) for Fighting (Major) at 7:16
Ross Colton (TOR) for Fighting (Major) at 7:16
Jonathan Huberdeau (MTL) for Fighting (Major) at 12:31
Will Smith (TOR) for Fighting (Major) at 12:31
2nd period
3. Maple Leafs , Ross Colton 1 (Will Smith 1, Dawson Mercer 1) at 12:21
Vladimir Tarasenko (MTL) for Fighting (Major) at 16:39
Ryan Graves (TOR) for Fighting (Major) at 16:39
3rd period
4. Canadiens , Jan Rutta 1 (Jack McBain 1, Zemgus Girgensons 1) at 19:57
Sean Durzi (TOR) for Slashing (Minor) at 0:55
Jan Rutta (MTL) for Hooking (Minor) at 15:30
Goalie Stats
Marc-Andre Fleury (TOR), 27 saves from 28 shots - (0.964), W, 1-0-0, 60:00 minutes
Andrei Vasilevskiy (MTL), 15 saves from 18 shots - (0.833), L, 0-1-0, 60:00 minutes
3 StarsOfficial
1 - Jonathan Marchessault (TOR)
2 - William Nylander (TOR)
3 - Nick Suzuki (TOR)
Referees : Unknown
Linesman : Unknown
Game Note
Gabriel Landeskog beats up Ross Colton at 7:16 of 1st period
Jonathan Huberdeau and Will Smith fight to a draw at 12:31 of 1st period
Ryan Graves beats up Vladimir Tarasenko at 16:39 of 2nd period



Team Name Goals Shots Shots Attemp Shots Blocked PIM HIT PP PK FO%
Maple Leafs 318511417310 / 1 (0%)058%
Canadiens 12856917290 / 1 (0%)042%

Maple Leafs
Player Name POS G A P +/- PIM HIT SHT SB MP PP MP PP SHT PK MP PK SHT FO% FOT GA TA
Andrew PeekeD0000021220:080:0000:2500% 002
Calle JarnkrokC/LW/RW000001018:270:0000:0000% 001
Carter VerhaegheC/LW/RW0000002217:020:5700:0000% 010
Dawson MercerC/RW0110053017:490:0000:0000% 001
Dylan StromeC/LW0000041118:020:5701:00070% 1000
Jake BeanD0000001118:460:0000:5000% 000
Jason SpezzaC000000007:490:0000:000100% 200
Jonathan MarchessaultC/LW/RW1122012116:201:0200:590100% 120
Kris LetangD0001030023:391:1100:5700% 002
Michael BuntingLW/RW0000051116:550:5400:0000% 010
Morgan RiellyD0001000223:391:1100:5700% 001
Nick SuzukiC/RW0222030016:211:0201:000100% 111
Pierre EngvallC/LW000001005:050:0300:0000% 100
Ross ColtonC/LW/RW1010511016:110:0000:0000% 000
Ryan GravesD0001520117:150:4800:5900% 002
Sean DurziD0001200116:410:4800:0000% 001
Will SmithC0110523016:160:0000:00058% 1200
William NylanderC/LW/RW1122013121:421:0200:59048% 2110
Canadiens
Player Name POS G A P +/- PIM HIT SHT SB MP PP MP PP SHT PK MP PK SHT FO% FOT GA TA
Alexander RomanovD000-1030018:530:0001:1200% 001
Andrew CoglianoC/LW/RW000-1013016:390:4600:00037% 1900
Cal ClutterbuckLW/RW000-2001014:370:0000:0000% 011
Cole CaufieldRW000-1024216:130:4600:0000% 100
Dmitri SimashevD0000031018:390:3100:4700% 001
Evan BouchardD000-1021023:071:2800:4700% 010
Gabriel LandeskogLW/RW0000513216:551:1300:59050% 230
Jack McBainC011100009:370:0000:00050% 210
Jan RuttaD1011233116:580:0000:0000% 001
Jonathan HuberdeauLW/RW0000523017:051:1320:5900% 310
Martin KautRW000101009:370:0000:0000% 000
Mikhail SergachevD000-1030022:261:2801:1200% 011
Phillip DanaultC/LW0000031018:131:1311:00058% 1200
Rem PitlickC0001011112:380:0000:000100% 100
Shayne GostisbehereD000-2002320:110:3100:0000% 010
Victor OlofssonLW/RW000-2004015:540:0000:0000% 010
Vladimir TarasenkoLW/RW000-1530015:410:4601:0000% 111
Zemgus GirgensonsC/LW/RW011-2011014:340:0000:00043% 700

Maple Leafs

5 vs 5 Forward
Line #Left WingCenterRight WingPHYDFOFWanted %Time %Time Play
1Jonathan MarchessaultWilliam NylanderNick Suzuki1223026%14:19
2Michael BuntingDylan StromeCarter Verhaeghe1223029%16:05
3Ross ColtonWill SmithDawson Mercer1223032%17:49
4Calle JarnkrokJason SpezzaWilliam Nylander1221014%7:49
5 vs 5 Defense
Line #DefenseDefensePHYDFOFWanted %Time %Time Play
1Kris LetangMorgan Rielly1223030%16:45
2Ryan GravesSean Durzi1223030%17:05
3Andrew PeekeJake Bean1223031%17:26
4Kris LetangMorgan Rielly122109%4:46
Power Play Forward
Line #Left WingCenterRight WingPHYDFOFWanted %Time %Time Play
1Jonathan MarchessaultWilliam NylanderNick Suzuki1225052%1:02
2Michael BuntingDylan StromeCarter Verhaeghe1225048%0:57
Power Play Defense
Line #DefenseDefensePHYDFOFWanted %Time %Time Play
1Kris LetangMorgan Rielly1225060%1:11
2Ryan GravesSean Durzi1225040%0:48
Penalty Kill 4 Players Forward
Line #CenterWingPHYDFOFWanted %Time %Time Play
1William NylanderJonathan Marchessault1225050%0:59
2Dylan StromeNick Suzuki1225050%1:00
Penalty Kill 4 Players Defense
Line #DefenseDefensePHYDFOFWanted %Time %Time Play
1Kris LetangMorgan Rielly1225048%0:57
2Ryan GravesSean Durzi1225052%1:02
Penalty Kill 3 Players
Line #WingPHYDFOFWanted %Time %Time PlayDefenseDefensePHYDFOFWanted %Time %Time Play
1William Nylander122500%0:00 Kris LetangMorgan Rielly122500%0:00
2Jonathan Marchessault122500%0:00 Ryan GravesSean Durzi122500%0:00
4 vs 4 Forward
Line #CenterWingPHYDFOFWanted %Time %Time Play
1William NylanderJonathan Marchessault122500%0:00
2Dylan StromeNick Suzuki122500%0:00
4 vs 4 Defense
Line #DefensePHYDFOFWanted %Time %Time Play
1Kris LetangMorgan Rielly122500%0:00
2Ryan GravesSean Durzi122500%0:00
Last Minutes Offensive
Left WingCenterRight WingDefenseDefense
Jonathan MarchessaultWilliam NylanderNick SuzukiKris LetangMorgan Rielly
Last Minutes Defensive
Left WingCenterRight WingDefenseDefense
Jonathan MarchessaultWilliam NylanderNick SuzukiKris LetangMorgan Rielly
Time
Total ForwardTotal DefenseLast Minutes OffensiveLast Minutes Defensive
60:00 60:00 0:000:00
Extra Forwards
Normal PowerPlayPenalty Kill
Pierre Engvall, Will Smith, Dawson MercerPierre Engvall, Will SmithDawson Mercer
Extra Defensemen
Normal PowerPlayPenalty Kill
Andrew Peeke, Jake Bean, Ryan GravesAndrew Peeke, Jake BeanRyan Graves
Penalty Shots
William Nylander, Jonathan Marchessault, Dylan Strome, Nick Suzuki, Michael Bunting
Goalie
Marc-Andre Fleury, Connor Ingram
Custom OT Lines Forwards
William Nylander, Jonathan Marchessault, Dylan Strome, Nick Suzuki, Michael Bunting, Carter Verhaeghe, Will Smith, Dawson Mercer, Jason Spezza, Ross Colton
Custom OT Lines Defensemen
Kris Letang, Morgan Rielly, Ryan Graves, Sean Durzi, Andrew Peeke
Scratches
Donovan Sebrango (Healthy), Danton Heinen (Healthy), Matthew Highmore (Healthy)

Canadiens

5 vs 5 Forward
Line #Left WingCenterRight WingPHYDFOFWanted %Time %Time Play
1Gabriel LandeskogPhillip DanaultJonathan Huberdeau1223429%16:24
2Vladimir TarasenkoAndrew CoglianoCole Caufield1223228%15:27
3Victor OlofssonZemgus GirgensonsCal Clutterbuck1222426%14:34
4Rem PitlickJack McBainMartin Kaut1221017%9:37
5 vs 5 Defense
Line #DefenseDefensePHYDFOFWanted %Time %Time Play
1Mikhail SergachevEvan Bouchard1223533%18:37
2Shayne GostisbehereAlexander Romanov1223536%19:55
3Dmitri SimashevJan Rutta1223030%16:36
4Mikhail SergachevEvan Bouchard12202%0:54
Power Play Forward
Line #Left WingCenterRight WingPHYDFOFWanted %Time %Time Play
1Gabriel LandeskogPhillip DanaultJonathan Huberdeau1225061%1:13
2Vladimir TarasenkoAndrew CoglianoCole Caufield1225039%0:46
Power Play Defense
Line #DefenseDefensePHYDFOFWanted %Time %Time Play
1Mikhail SergachevEvan Bouchard1225074%1:28
2Shayne GostisbehereDmitri Simashev1225026%0:31
Penalty Kill 4 Players Forward
Line #CenterWingPHYDFOFWanted %Time %Time Play
1Gabriel LandeskogJonathan Huberdeau1225050%0:59
2Phillip DanaultVladimir Tarasenko1225050%1:00
Penalty Kill 4 Players Defense
Line #DefenseDefensePHYDFOFWanted %Time %Time Play
1Dmitri SimashevEvan Bouchard1225039%0:47
2Alexander RomanovMikhail Sergachev1225061%1:12
Penalty Kill 3 Players
Line #WingPHYDFOFWanted %Time %Time PlayDefenseDefensePHYDFOFWanted %Time %Time Play
1Gabriel Landeskog122500%0:00 Mikhail SergachevEvan Bouchard122500%0:00
2Jonathan Huberdeau122500%0:00 Shayne GostisbehereAlexander Romanov122500%0:00
4 vs 4 Forward
Line #CenterWingPHYDFOFWanted %Time %Time Play
1Zemgus GirgensonsVictor Olofsson122500%0:00
2Jack McBainCal Clutterbuck122500%0:00
4 vs 4 Defense
Line #DefensePHYDFOFWanted %Time %Time Play
1Mikhail SergachevEvan Bouchard122500%0:00
2Shayne GostisbehereAlexander Romanov122500%0:00
Last Minutes Offensive
Left WingCenterRight WingDefenseDefense
Gabriel LandeskogPhillip DanaultJonathan HuberdeauEvan BouchardDmitri Simashev
Last Minutes Defensive
Left WingCenterRight WingDefenseDefense
Gabriel LandeskogPhillip DanaultJonathan HuberdeauMikhail SergachevDmitri Simashev
Time
Total ForwardTotal DefenseLast Minutes OffensiveLast Minutes Defensive
60:00 60:00 0:000:00
Extra Forwards
Normal PowerPlayPenalty Kill
Rem Pitlick, Victor Olofsson, Cal ClutterbuckRem Pitlick, Victor OlofssonCal Clutterbuck
Extra Defensemen
Normal PowerPlayPenalty Kill
Dmitri Simashev, Jan Rutta, Shayne GostisbehereDmitri Simashev, Jan RuttaShayne Gostisbehere
Penalty Shots
Gabriel Landeskog, Jonathan Huberdeau, Phillip Danault, Vladimir Tarasenko, Cole Caufield
Goalie
Andrei Vasilevskiy, Samuel Montembeault
Custom OT Lines Forwards
Gabriel Landeskog, Jonathan Huberdeau, Phillip Danault, Vladimir Tarasenko, Cole Caufield, Victor Olofsson, Cal Clutterbuck, Andrew Cogliano, Zemgus Girgensons, Jack McBain
Custom OT Lines Defensemen
Mikhail Sergachev, Evan Bouchard, Shayne Gostisbehere, Alexander Romanov, Dmitri Simashev
Scratches
Felix Nilsson (Healthy), Ilya Solovyov (Healthy), James Reimer (Healthy), Jaroslav Halak (Healthy)


Play-by-Play

1st period


0:01 of 1st period - Phillip Danault wins face-off versus William Nylander in neutral zone.
0:27 of 1st period - Kris Letang is hit by Andrew Cogliano.
0:49 of 1st period - Wrist shot by Victor Olofsson.
0:49 of 1st period - Stopped by Marc-Andre Fleury without a rebound.
0:50 of 1st period - Jason Spezza wins face-off versus Zemgus Girgensons in Maple Leafs zone.
1:41 of 1st period - Sean Durzi is hit by Alexander Romanov.
2:09 of 1st period - Off-side.
2:10 of 1st period - William Nylander wins face-off versus Andrew Cogliano in neutral zone.
2:21 of 1st period - Mikhail Sergachev is hit by Nick Suzuki and loses puck.
2:32 of 1st period - Wrist shot by Jonathan Marchessault.
2:32 of 1st period - Stopped by Andrei Vasilevskiy with a rebound.
2:38 of 1st period - Snap shot by William Nylander.
2:38 of 1st period - Goal by William Nylander - Maple Leafs : 1 - Canadiens : 0.
2:39 of 1st period - Will Smith wins face-off versus Andrew Cogliano in neutral zone.
3:04 of 1st period - Dmitri Simashev is hit by Michael Bunting.
3:12 of 1st period - Wrist shot by Gabriel Landeskog.
3:12 of 1st period - Stopped by Marc-Andre Fleury without a rebound.
3:13 of 1st period - William Nylander wins face-off versus Zemgus Girgensons in Maple Leafs zone.
3:13 of 1st period - William Nylander is hit by Evan Bouchard.
3:51 of 1st period - Snap shot by Gabriel Landeskog.
3:51 of 1st period - Shot Blocked by Andrew Peeke.
3:53 of 1st period - Slapshot by Jan Rutta.
3:53 of 1st period - Stopped by Marc-Andre Fleury without a rebound.
3:54 of 1st period - Dylan Strome wins face-off versus Andrew Cogliano in Maple Leafs zone.
4:19 of 1st period - Kris Letang is hit by Phillip Danault and loses puck.
5:50 of 1st period - Snap shot by Victor Olofsson.
5:50 of 1st period - Stopped by Marc-Andre Fleury without a rebound.
5:51 of 1st period - Dylan Strome wins face-off versus Cole Caufield in Maple Leafs zone.
6:02 of 1st period - Snap shot by Cole Caufield.
6:02 of 1st period - Shot Misses the Net.
6:16 of 1st period - Slapshot by Mikhail Sergachev.
6:16 of 1st period - Shot Blocked by Dylan Strome.
6:30 of 1st period - Slapshot by Carter Verhaeghe.
6:30 of 1st period - Stopped by Andrei Vasilevskiy with a rebound.
6:32 of 1st period - Slapshot by Kris Letang.
6:32 of 1st period - Shot Misses the Net.
6:58 of 1st period - Slapshot by Evan Bouchard.
6:58 of 1st period - Shot Misses the Net.
7:08 of 1st period - Mikhail Sergachev is hit by Michael Bunting and loses puck.
7:13 of 1st period - Slapshot by Michael Bunting.
7:13 of 1st period - Stopped by Andrei Vasilevskiy without a rebound.
7:14 of 1st period - Will Smith wins face-off versus Phillip Danault in Canadiens zone.
7:16 of 1st period - Gabriel Landeskog beats up Ross Colton.
7:16 of 1st period - Penalty to Gabriel Landeskog for Fighting.
7:16 of 1st period - Penalty to Ross Colton for Fighting.
7:17 of 1st period - William Nylander wins face-off versus Jonathan Huberdeau in Canadiens zone.
7:42 of 1st period - Victor Olofsson is hit by Ryan Graves and loses puck.
8:10 of 1st period - Slapshot by Cole Caufield.
8:10 of 1st period - Shot Blocked by Calle Jarnkrok.
8:12 of 1st period - Wrist shot by Dmitri Simashev.
8:12 of 1st period - Stopped by Marc-Andre Fleury with a rebound.
8:26 of 1st period - Jonathan Huberdeau is hit by Kris Letang and loses puck.
8:31 of 1st period - Snap shot by Dylan Strome.
8:31 of 1st period - Shot Misses the Net.
10:17 of 1st period - Wrist shot by Shayne Gostisbehere.
10:17 of 1st period - Stopped by Marc-Andre Fleury without a rebound.
10:18 of 1st period - Jack McBain wins face-off versus William Nylander in Maple Leafs zone.
11:01 of 1st period - Andrew Cogliano is hit by Dylan Strome and loses puck.
11:34 of 1st period - Kris Letang is hit by Alexander Romanov and loses puck.
11:51 of 1st period - Morgan Rielly is hit by Phillip Danault and loses puck.
12:14 of 1st period - Slapshot by Carter Verhaeghe.
12:14 of 1st period - Shot Misses the Net.
12:16 of 1st period - Wrist shot by Michael Bunting.
12:16 of 1st period - Deflect By Carter Verhaeghe.
12:16 of 1st period - Shot Misses the Net.
12:16 of 1st period - Puck is out of play.
12:17 of 1st period - Will Smith wins face-off versus Jonathan Huberdeau in Canadiens zone.
12:20 of 1st period - Snap shot by Will Smith.
12:20 of 1st period - Shot Blocked by Gabriel Landeskog.
12:22 of 1st period - Slapshot by Jake Bean.
12:22 of 1st period - Stopped by Andrei Vasilevskiy with a rebound.
12:24 of 1st period - Slapshot by Dawson Mercer.
12:24 of 1st period - Shot Misses the Net.
12:26 of 1st period - Slapshot by Jake Bean.
12:26 of 1st period - Shot Misses the Net.
12:28 of 1st period - Slapshot by Andrew Peeke.
12:28 of 1st period - Stopped by Andrei Vasilevskiy with a rebound.
12:31 of 1st period - Jonathan Huberdeau and Will Smith fight to a draw.
12:31 of 1st period - Penalty to Jonathan Huberdeau for Fighting.
12:31 of 1st period - Penalty to Will Smith for Fighting.
12:32 of 1st period - Nick Suzuki wins face-off versus Andrew Cogliano in Canadiens zone.
12:41 of 1st period - Snap shot by William Nylander.
12:41 of 1st period - Shot Misses the Net.
12:43 of 1st period - Snap shot by William Nylander.
12:43 of 1st period - Stopped by Andrei Vasilevskiy with a rebound.
12:45 of 1st period - Snap shot by Jonathan Marchessault.
12:45 of 1st period - Goal by Jonathan Marchessault - Maple Leafs : 2 - Canadiens : 0.
12:46 of 1st period - William Nylander wins face-off versus Andrew Cogliano in neutral zone.
12:56 of 1st period - Snap shot by Nick Suzuki.
12:56 of 1st period - Shot Misses the Net.
13:02 of 1st period - Snap shot by William Nylander.
13:02 of 1st period - Deflect By Jonathan Marchessault.
13:02 of 1st period - Shot Misses the Net.
13:02 of 1st period - Puck is out of play.
13:03 of 1st period - Phillip Danault wins face-off versus Pierre Engvall in Canadiens zone.
13:16 of 1st period - Wrist shot by Gabriel Landeskog.
13:16 of 1st period - Stopped by Marc-Andre Fleury with a rebound.
13:18 of 1st period - Snap shot by Gabriel Landeskog.
13:18 of 1st period - Shot Hit the Post.
14:20 of 1st period - Snap shot by Ross Colton.
14:20 of 1st period - Shot Misses the Net.
14:39 of 1st period - William Nylander is hit by Dmitri Simashev and loses puck.
16:50 of 1st period - Snap shot by Carter Verhaeghe.
16:50 of 1st period - Shot Blocked by Jan Rutta.
17:15 of 1st period - Snap shot by Nick Suzuki.
17:15 of 1st period - Shot Misses the Net.
17:38 of 1st period - Mikhail Sergachev is hit by Michael Bunting and loses puck.
18:15 of 1st period - Shayne Gostisbehere is hit by Dawson Mercer and loses puck.
19:19 of 1st period - Icing by Jonathan Huberdeau.
19:20 of 1st period - Will Smith wins face-off versus Phillip Danault in Canadiens zone.
19:23 of 1st period - Snap shot by Carter Verhaeghe.
19:23 of 1st period - Stopped by Andrei Vasilevskiy without a rebound.
19:24 of 1st period - Andrew Cogliano wins face-off versus Dylan Strome in Canadiens zone.
19:33 of 1st period - Snap shot by Cole Caufield.
19:33 of 1st period - Shot Blocked by Michael Bunting.
19:35 of 1st period - Snap shot by Cole Caufield.
19:35 of 1st period - Stopped by Marc-Andre Fleury with a rebound.
19:37 of 1st period - Snap shot by Cole Caufield.
19:37 of 1st period - Deflect By Andrew Cogliano.
19:37 of 1st period - Stopped by Marc-Andre Fleury without a rebound.
19:38 of 1st period - William Nylander wins face-off versus Gabriel Landeskog in Maple Leafs zone.
19:53 of 1st period - Snap shot by William Nylander.
19:53 of 1st period - Shot Blocked by Shayne Gostisbehere.
Goals for this period are 2 for Maple Leafs vs 0 for Canadiens.
Shots for this period are 9 for Maple Leafs vs 9 for Canadiens.

2nd period


0:01 of 2nd period - Will Smith wins face-off versus Andrew Cogliano in neutral zone.
0:01 of 2nd period - Will Smith is hit by Mikhail Sergachev.
0:05 of 2nd period - Vladimir Tarasenko is hit by Will Smith.
0:29 of 2nd period - Backhand shot by Dawson Mercer.
0:29 of 2nd period - Stopped by Andrei Vasilevskiy with a rebound.
0:41 of 2nd period - Wrist shot by Will Smith.
0:41 of 2nd period - Deflect By Dawson Mercer.
0:41 of 2nd period - Deflect By Shayne Gostisbehere.
0:41 of 2nd period - Shot Misses the Net.
0:41 of 2nd period - Puck is out of play.
0:42 of 2nd period - Andrew Cogliano wins face-off versus William Nylander in Canadiens zone.
0:42 of 2nd period - Andrew Cogliano is hit by Ryan Graves.
1:07 of 2nd period - Mikhail Sergachev is hit by Michael Bunting and loses puck.
1:16 of 2nd period - Wrist shot by Dylan Strome.
1:16 of 2nd period - Shot Misses the Net.
2:12 of 2nd period - Snap shot by Cole Caufield.
2:12 of 2nd period - Stopped by Marc-Andre Fleury without a rebound.
2:13 of 2nd period - Dylan Strome wins face-off versus Jack McBain in Maple Leafs zone.
2:38 of 2nd period - Will Smith is hit by Vladimir Tarasenko.
2:41 of 2nd period - Icing by Ross Colton.
2:42 of 2nd period - Will Smith wins face-off versus Andrew Cogliano in Maple Leafs zone.
3:18 of 2nd period - Snap shot by William Nylander.
3:18 of 2nd period - Shot Misses the Net.
4:08 of 2nd period - Mikhail Sergachev is hit by Andrew Peeke and loses puck.
5:08 of 2nd period - Wrist shot by Rem Pitlick.
5:08 of 2nd period - Shot Blocked by Ryan Graves.
5:18 of 2nd period - Cole Caufield is hit by Dylan Strome.
6:06 of 2nd period - Dawson Mercer is hit by Dmitri Simashev and loses puck.
6:21 of 2nd period - Wrist shot by Cole Caufield.
6:21 of 2nd period - Deflect By Dylan Strome.
6:21 of 2nd period - Stopped by Marc-Andre Fleury without a rebound.
6:22 of 2nd period - Dylan Strome wins face-off versus Andrew Cogliano in Maple Leafs zone.
6:27 of 2nd period - Vladimir Tarasenko is hit by Dylan Strome and loses puck.
6:37 of 2nd period - Wrist shot by Andrew Cogliano.
6:37 of 2nd period - Stopped by Marc-Andre Fleury with a rebound.
6:47 of 2nd period - Gabriel Landeskog is hit by Dawson Mercer and loses puck.
7:15 of 2nd period - Wrist shot by William Nylander.
7:15 of 2nd period - Shot Misses the Net.
7:17 of 2nd period - Wrist shot by Jonathan Marchessault.
7:17 of 2nd period - Shot Misses the Net.
7:27 of 2nd period - Jack McBain is hit by Andrew Peeke and loses puck.
8:26 of 2nd period - Carter Verhaeghe is hit by Dmitri Simashev and loses puck.
10:42 of 2nd period - Jonathan Marchessault is hit by Alexander Romanov.
11:16 of 2nd period - Cal Clutterbuck is hit by Dawson Mercer.
11:26 of 2nd period - Morgan Rielly is hit by Rem Pitlick and loses puck.
11:35 of 2nd period - Jan Rutta is hit by Pierre Engvall and loses puck.
11:52 of 2nd period - Slapshot by William Nylander.
11:52 of 2nd period - Shot Blocked by Shayne Gostisbehere.
12:02 of 2nd period - Cole Caufield is hit by Michael Bunting and loses puck.
12:19 of 2nd period - Slapshot by Dawson Mercer.
12:19 of 2nd period - Deflect By Will Smith.
12:19 of 2nd period - Stopped by Andrei Vasilevskiy with a rebound.
12:21 of 2nd period - Snap shot by Ross Colton.
12:21 of 2nd period - Goal by Ross Colton - Maple Leafs : 3 - Canadiens : 0.
12:22 of 2nd period - William Nylander wins face-off versus Jonathan Huberdeau in neutral zone.
12:29 of 2nd period - Jonathan Huberdeau is hit by Kris Letang.
13:05 of 2nd period - Morgan Rielly is hit by Vladimir Tarasenko and loses puck.
13:34 of 2nd period - Jan Rutta is hit by Dawson Mercer and loses puck.
14:01 of 2nd period - Snap shot by Will Smith.
14:01 of 2nd period - Stopped by Andrei Vasilevskiy with a rebound.
14:27 of 2nd period - Slapshot by Dawson Mercer.
14:27 of 2nd period - Stopped by Andrei Vasilevskiy with a rebound.
14:29 of 2nd period - Snap shot by Will Smith.
14:29 of 2nd period - Shot Misses the Net.
14:31 of 2nd period - Wrist shot by Ross Colton.
14:31 of 2nd period - Shot Blocked by Gabriel Landeskog.
15:01 of 2nd period - Slapshot by Gabriel Landeskog.
15:01 of 2nd period - Stopped by Marc-Andre Fleury with a rebound.
15:09 of 2nd period - Phillip Danault is hit by Ross Colton.
15:30 of 2nd period - Off-side.
15:31 of 2nd period - Andrew Cogliano wins face-off versus William Nylander in neutral zone.
15:57 of 2nd period - Carter Verhaeghe is hit by Evan Bouchard.
16:04 of 2nd period - Icing by Jan Rutta.
16:05 of 2nd period - William Nylander wins face-off versus Zemgus Girgensons in Canadiens zone.
16:10 of 2nd period - Snap shot by William Nylander.
16:10 of 2nd period - Stopped by Andrei Vasilevskiy with a rebound.
16:36 of 2nd period - Slapshot by Andrew Cogliano.
16:36 of 2nd period - Deflect By Cole Caufield.
16:36 of 2nd period - Shot Misses the Net.
16:36 of 2nd period - Puck is out of play.
16:37 of 2nd period - Dylan Strome wins face-off versus Andrew Cogliano in Maple Leafs zone.
16:39 of 2nd period - Ryan Graves beats up Vladimir Tarasenko.
16:39 of 2nd period - Penalty to Vladimir Tarasenko for Fighting.
16:39 of 2nd period - Penalty to Ryan Graves for Fighting.
16:40 of 2nd period - William Nylander wins face-off versus Andrew Cogliano in neutral zone.
16:40 of 2nd period - Jonathan Marchessault is hit by Mikhail Sergachev and loses puck.
17:05 of 2nd period - Kris Letang is hit by Jonathan Huberdeau and loses puck.
17:12 of 2nd period - Wrist shot by Jonathan Huberdeau.
17:12 of 2nd period - Shot Blocked by Carter Verhaeghe.
17:14 of 2nd period - Slapshot by Jonathan Huberdeau.
17:14 of 2nd period - Shot Misses the Net.
17:36 of 2nd period - Snap shot by Cal Clutterbuck.
17:36 of 2nd period - Stopped by Marc-Andre Fleury with a rebound.
17:38 of 2nd period - Slapshot by Jan Rutta.
17:38 of 2nd period - Shot Blocked by Sean Durzi.
17:40 of 2nd period - Slapshot by Jan Rutta.
17:40 of 2nd period - Stopped by Marc-Andre Fleury with a rebound.
17:50 of 2nd period - Snap shot by Cole Caufield.
17:50 of 2nd period - Shot Blocked by Andrew Peeke.
17:52 of 2nd period - Snap shot by Rem Pitlick.
17:52 of 2nd period - Shot Misses the Net.
18:04 of 2nd period - Snap shot by Jonathan Marchessault.
18:04 of 2nd period - Shot Blocked by Rem Pitlick.
18:24 of 2nd period - Phillip Danault is hit by Nick Suzuki and loses puck.
18:46 of 2nd period - Andrew Cogliano is hit by William Nylander and loses puck.
18:56 of 2nd period - Off-side.
18:57 of 2nd period - Zemgus Girgensons wins face-off versus Dylan Strome in neutral zone.
19:02 of 2nd period - Wrist shot by Zemgus Girgensons.
19:02 of 2nd period - Shot Misses the Net.
19:04 of 2nd period - Slapshot by Victor Olofsson.
19:04 of 2nd period - Stopped by Marc-Andre Fleury without a rebound.
19:05 of 2nd period - Dylan Strome wins face-off versus Phillip Danault in Maple Leafs zone.
19:05 of 2nd period - Michael Bunting is hit by Jonathan Huberdeau and loses puck.
19:49 of 2nd period - Icing by Will Smith.
19:50 of 2nd period - Andrew Cogliano wins face-off versus Will Smith in Maple Leafs zone.
19:53 of 2nd period - Snap shot by Cole Caufield.
19:53 of 2nd period - Shot Blocked by Jake Bean.
Goals for this period are 1 for Maple Leafs vs 0 for Canadiens.
Shots for this period are 6 for Maple Leafs vs 7 for Canadiens.

3rd period


0:01 of 3rd period - Rem Pitlick wins face-off versus William Nylander in neutral zone.
0:04 of 3rd period - Slapshot by Mikhail Sergachev.
0:04 of 3rd period - Shot Blocked by Jonathan Marchessault.
0:06 of 3rd period - Wrist shot by Cole Caufield.
0:06 of 3rd period - Deflect By Andrew Cogliano.
0:06 of 3rd period - Stopped by Marc-Andre Fleury without a rebound.
0:07 of 3rd period - Andrew Cogliano wins face-off versus William Nylander in Maple Leafs zone.
0:23 of 3rd period - Wrist shot by Cole Caufield.
0:23 of 3rd period - Deflect By Andrew Cogliano.
0:23 of 3rd period - Shot Misses the Net.
0:23 of 3rd period - Puck is out of play.
0:24 of 3rd period - Phillip Danault wins face-off versus Dylan Strome in Maple Leafs zone.
0:31 of 3rd period - Snap shot by Jonathan Huberdeau.
0:31 of 3rd period - Shot Blocked by Morgan Rielly.
0:33 of 3rd period - Slapshot by Alexander Romanov.
0:33 of 3rd period - Shot Misses the Net.
0:35 of 3rd period - Wrist shot by Phillip Danault.
0:35 of 3rd period - Deflect By Jonathan Huberdeau.
0:35 of 3rd period - Shot Blocked by Carter Verhaeghe.
0:35 of 3rd period - Puck is out of play.
0:36 of 3rd period - William Nylander wins face-off versus Phillip Danault in Maple Leafs zone.
0:36 of 3rd period - William Nylander is hit by Gabriel Landeskog.
0:42 of 3rd period - Snap shot by Gabriel Landeskog.
0:42 of 3rd period - Shot Misses the Net.
0:44 of 3rd period - Snap shot by Phillip Danault.
0:44 of 3rd period - Shot Blocked by William Nylander.
0:46 of 3rd period - Snap shot by Gabriel Landeskog.
0:46 of 3rd period - Shot Misses the Net.
0:48 of 3rd period - Snap shot by Evan Bouchard.
0:48 of 3rd period - Stopped by Marc-Andre Fleury with a rebound.
0:50 of 3rd period - Slapshot by Evan Bouchard.
0:50 of 3rd period - Shot Misses the Net.
0:55 of 3rd period - Minor Penalty to Sean Durzi for Slashing.
0:56 of 3rd period - Phillip Danault wins face-off versus William Nylander in Maple Leafs zone.
0:56 of 3rd period - Slapshot by Jonathan Huberdeau.
0:56 of 3rd period - Stopped by Marc-Andre Fleury without a rebound.
0:57 of 3rd period - Phillip Danault wins face-off versus William Nylander in Maple Leafs zone.
1:18 of 3rd period - Snap shot by Dylan Strome.
1:18 of 3rd period - Shot Misses the Net.
1:39 of 3rd period - Penalty to Ryan Graves is over, Ryan Graves is back on ice.
1:46 of 3rd period - Wrist shot by Jonathan Huberdeau.
1:46 of 3rd period - Stopped by Marc-Andre Fleury with a rebound.
1:48 of 3rd period - Slapshot by Mikhail Sergachev.
1:48 of 3rd period - Deflect By Phillip Danault.
1:48 of 3rd period - Stopped by Marc-Andre Fleury without a rebound.
1:49 of 3rd period - Jonathan Marchessault wins face-off versus Vladimir Tarasenko in Maple Leafs zone.
2:55 of 3rd period - Penalty to Sean Durzi is over, Sean Durzi is back on ice.
3:25 of 3rd period - Snap shot by Will Smith.
3:25 of 3rd period - Shot Misses the Net.
4:02 of 3rd period - Wrist shot by William Nylander.
4:02 of 3rd period - Shot Misses the Net.
4:08 of 3rd period - Jason Spezza is hit by Martin Kaut and loses puck.
5:05 of 3rd period - Pierre Engvall is hit by Phillip Danault and loses puck.
5:19 of 3rd period - Off-side.
5:20 of 3rd period - Zemgus Girgensons wins face-off versus Will Smith in neutral zone.
5:31 of 3rd period - Victor Olofsson is hit by Kris Letang and loses puck.
6:11 of 3rd period - Slapshot by Dylan Strome.
6:11 of 3rd period - Stopped by Andrei Vasilevskiy with a rebound.
6:27 of 3rd period - Wrist shot by Cal Clutterbuck.
6:27 of 3rd period - Shot Blocked by Morgan Rielly.
6:31 of 3rd period - Wrist shot by Victor Olofsson.
6:31 of 3rd period - Shot Misses the Net.
6:33 of 3rd period - Snap shot by Zemgus Girgensons.
6:33 of 3rd period - Deflect By Michael Bunting.
6:33 of 3rd period - Stopped by Marc-Andre Fleury without a rebound.
6:34 of 3rd period - Andrew Cogliano wins face-off versus William Nylander in Maple Leafs zone.
6:49 of 3rd period - Snap shot by William Nylander.
6:49 of 3rd period - Deflect By Jonathan Marchessault.
6:49 of 3rd period - Shot Misses the Net.
6:49 of 3rd period - Puck is out of play.
6:50 of 3rd period - Will Smith wins face-off versus Phillip Danault in Canadiens zone.
6:51 of 3rd period - Wrist shot by Dawson Mercer.
6:51 of 3rd period - Stopped by Andrei Vasilevskiy without a rebound.
6:52 of 3rd period - Phillip Danault wins face-off versus Will Smith in Canadiens zone.
7:05 of 3rd period - Snap shot by Jonathan Huberdeau.
7:05 of 3rd period - Stopped by Marc-Andre Fleury without a rebound.
7:06 of 3rd period - William Nylander wins face-off versus Andrew Cogliano in Maple Leafs zone.
7:06 of 3rd period - William Nylander is hit by Vladimir Tarasenko.
7:12 of 3rd period - Slapshot by Kris Letang.
7:12 of 3rd period - Shot Blocked by Shayne Gostisbehere.
7:14 of 3rd period - Slapshot by Morgan Rielly.
7:14 of 3rd period - Shot Misses the Net.
7:16 of 3rd period - Slapshot by Kris Letang.
7:16 of 3rd period - Deflect By Jonathan Marchessault.
7:16 of 3rd period - Shot Misses the Net.
7:16 of 3rd period - Puck is out of play.
7:17 of 3rd period - Phillip Danault wins face-off versus William Nylander in Canadiens zone.
7:17 of 3rd period - Phillip Danault is hit by Jonathan Marchessault.
7:49 of 3rd period - Wrist shot by Dylan Strome.
7:49 of 3rd period - Shot Blocked by Cole Caufield.
8:06 of 3rd period - Zemgus Girgensons is hit by Dawson Mercer and loses puck.
9:09 of 3rd period - Michael Bunting is hit by Jan Rutta and loses puck.
10:07 of 3rd period - Snap shot by Victor Olofsson.
10:07 of 3rd period - Stopped by Marc-Andre Fleury with a rebound.
10:09 of 3rd period - Snap shot by Shayne Gostisbehere.
10:09 of 3rd period - Stopped by Marc-Andre Fleury with a rebound.
10:15 of 3rd period - Will Smith is hit by Zemgus Girgensons and loses puck.
10:30 of 3rd period - Carter Verhaeghe is hit by Cole Caufield and loses puck.
11:14 of 3rd period - Alexander Romanov is hit by Calle Jarnkrok and loses puck.
11:28 of 3rd period - Off-side.
11:29 of 3rd period - Dylan Strome wins face-off versus Andrew Cogliano in neutral zone.
11:32 of 3rd period - Wrist shot by Michael Bunting.
11:32 of 3rd period - Shot Blocked by Cole Caufield.
11:38 of 3rd period - Andrew Cogliano is hit by Dylan Strome and loses puck.
11:59 of 3rd period - Phillip Danault is hit by Nick Suzuki and loses puck.
13:06 of 3rd period - Wrist shot by Cole Caufield.
13:06 of 3rd period - Stopped by Marc-Andre Fleury with a rebound.
13:42 of 3rd period - Ryan Graves is hit by Jan Rutta and loses puck.
14:35 of 3rd period - Kris Letang is hit by Cole Caufield and loses puck.
15:06 of 3rd period - Snap shot by Will Smith.
15:06 of 3rd period - Shot Misses the Net.
15:08 of 3rd period - Snap shot by Ross Colton.
15:08 of 3rd period - Deflect By Will Smith.
15:08 of 3rd period - Stopped by Andrei Vasilevskiy without a rebound.
15:09 of 3rd period - Andrew Cogliano wins face-off versus Will Smith in Canadiens zone.
15:30 of 3rd period - Minor Penalty to Jan Rutta for Hooking.
15:31 of 3rd period - Gabriel Landeskog wins face-off versus William Nylander in Canadiens zone.
15:56 of 3rd period - Michael Bunting is hit by Mikhail Sergachev and loses puck.
17:30 of 3rd period - Penalty to Jan Rutta is over, Jan Rutta is back on ice.
17:44 of 3rd period - Jan Rutta is hit by Will Smith.
18:09 of 3rd period - Will Smith is hit by Jan Rutta and loses puck.
18:20 of 3rd period - Snap shot by Rem Pitlick.
18:20 of 3rd period - Stopped by Marc-Andre Fleury without a rebound.
18:21 of 3rd period - Jason Spezza wins face-off versus Zemgus Girgensons in Maple Leafs zone.
19:55 of 3rd period - Snap shot by Jack McBain.
19:55 of 3rd period - Shot Misses the Net.
19:57 of 3rd period - Slapshot by Jan Rutta.
19:57 of 3rd period - Goal by Jan Rutta - Maple Leafs : 3 - Canadiens : 1.
19:58 of 3rd period - Zemgus Girgensons wins face-off versus Will Smith in neutral zone.
Goals for this period are 0 for Maple Leafs vs 1 for Canadiens.
Shots for this period are 3 for Maple Leafs vs 12 for Canadiens.